 Dungeon Crawl Stone Soup version 0.14-a0-155-gd989017 (webtiles) character file.

429 Leibowitz the Cutter (level 6, 38/38 HPs)
             Began as a Kobold Berserker on Sept 29, 2013.
             Was an Elder of Trog.
             Quit the game on Level 3 of the Dungeon on Oct 4, 2013.
             The game lasted 00:11:54 (4292 turns).

Leibowitz the Cutter (Kobold Berserker)             Turns: 4292, Time: 00:11:54

HP  38/38        AC  2     Str 16      XL: 6   Next: 62%
MP   5/5         EV 18     Int  5      God: Trog [****..]
Gold 132         SH  0     Dex 17      Spells:  0 memorised,  5 levels left

Res.Fire  : . . .   See Invis. : .   a - +1 dwarf dagger
Res.Cold  : . . .   Warding    : .   c - +0 animal skin
Life Prot.: . . .   Conserve   : .   (no shield)
Res.Poison: .       Res.Corr.  : .   (no helmet)
Res.Elec. : .       Clarity    : .   (no cloak)
Sust.Abil.: . .     Spirit.Shd : .   (no gloves)
Res.Mut.  : .       Stasis     : .   (no boots)
Res.Rott. : .       Flight     : .   (no amulet)
Saprovore : + + .                    (no ring)
                                     (no ring)

@: drained, slightly resistant to hostile enchantments, quite stealthy
A: disease resistance, carnivore 3, saprovore 2
a: Burn Spellbooks, Berserk, Trog's Hand, Brothers in Arms, Renounce Religion


You were on level 3 of the Dungeon.
You worshipped Trog.
Trog was greatly pleased with you.
You were not hungry.

You visited 1 branch of the dungeon, and saw 3 of its levels.

You collected 112 gold pieces.

Inventory:

Hand weapons
 a - a +1,+1 dwarven dagger (weapon)
 b - a +0 blowgun
Missiles
 e - 15 poisoned needles
 h - 7 curare-tipped needles
Armour
 c - a +0 animal skin (worn)
Comestibles
 d - a meat ration
Scrolls
 f - 2 scrolls of remove curse {unknown}
 g - a scroll of identify {unknown}


   Skills:
 + Level 3.9(3.8) Fighting
 + Level 5.9(5.8) Short Blades
 - Level 1.5(1.4) Armour
 + Level 5.0(4.9) Dodging
 * Level 4.1(4.0) Stealth


You had 5 spell levels left.
You didn't know any spells.

Dungeon Overview and Level Annotations

Branches:
Dungeon (3/27)

Altars:


Innate Abilities, Weirdness & Mutations

You recuperate from illness quickly.
You are small and have problems with some larger weapons.
You are carnivorous and can eat meat at any time.
You can eat rotten meat.


Message History

The hobgoblin hits you but does no damage.
You hit the hobgoblin.
You kill the hobgoblin!
Trog accepts your kill.
Things that are here:
an orcish club; a hobgoblin corpse You offer a prayer to Trog.
The hobgoblin corpse is consumed in a column of flame.
Trog is greatly pleased with you.
You feel less exhausted.
Done exploring.
There is a stone staircase leading down here.
Char dumped successfully.
Save game and exit?
Welcome back, Leibowitz the Kobold Berserker.
Trog says: Kill them all!
Press ? for a list of commands and other information.
Quiver which item? (- for none, * to show all) (? for menu, Esc to quit)
Okay, then.
Are you sure you want to abandon this character and quit the game? (Confirm with "yes".)

...............#..............##.
##..#.##.#.##..#...#........#.##.
.........#..#......#........#.##.
##....##.#.......................
#.....##.#..#....#............##.
#.....#..........#.#.............
.........#.##........#...........
#...#....#.......#..........%....
................@.........##.....
....#...####.....................
.................................
....#...#<.......##..............
....#...#........##.....(........
....#...#.#.......#..............
).......#.#..#...##..............
.#......#........................
.)........#..#...................


There were no monsters in sight!

Vanquished Creatures
  3 orc priests (D:3)
  Terence (D:2)
  4 adders
  4 gnolls (D:2)
  2 giant mites (D:3)
  A worm (D:2)
  4 giant geckos
  12 orcs (D:3)
  7 bats
  5 goblins
  7 hobgoblins
  6 jackals (D:3)
  A quokka (D:3)
  A ball python (D:1)
  9 giant cockroaches
  4 giant newts
  7 kobolds
  13 rats
91 creatures vanquished.

Notes
Turn   | Place    | Note
--------------------------------------------------------------
     0 | D:1      | Leibowitz, the Kobold Berserker, began the quest for the Orb.
     0 | D:1      | Reached XP level 1. HP: 14/14 MP: 0/0
   213 | D:1      | Reached XP level 2. HP: 19/19 MP: 1/1
   360 | D:1      | Reached skill level 1 in Stealth
   397 | D:1      | Acquired Trog's second power
   630 | D:2      | Reached XP level 3. HP: 15/24 MP: 2/2
   661 | D:2      | Reached skill level 5 in Short Blades
   672 | D:2      | HP: 1/24 [poisoned by an adder]
   991 | D:2      | Reached XP level 4. HP: 5/28 MP: 3/3
  1772 | D:2      | Reached XP level 5. HP: 21/33 MP: 4/4
  2126 | D:2      | Noticed Terence
  2163 | D:2      | Killed Terence
  2989 | D:3      | Reached XP level 6. HP: 30/38 MP: 5/5
  3797 | D:3      | Acquired Trog's third power
  4111 | D:3      | Reached skill level 5 in Dodging
  4292 | D:3      | Upgraded the game from 0.14-a0-50-gc6ee670 to 0.14-a0-155-gd989017
  4292 | D:3      | Quit the game

Action                   |  1- 3 |  4- 6 || total
-------------------------+-------+-------++-------
Melee: Short sword       |    80 |       ||    80
       Dagger            |    40 |   303 ||   343
Invok: Berserk           |     1 |     5 ||     6
       Trog's Hand       |     1 |       ||     1
  Use: Potion            |     3 |     3 ||     6
 Stab: Sleeping          |     1 |     3 ||     4
